 Dungeon Crawl Stone Soup version 0.30-a0-591-g3c58d2bc28 (webtiles) character file.

Game seed: 2202303669485949166

122136 NinjaNoafa the Stickfighter (level 16, -3/146 HPs)
             Began as a Minotaur Gladiator on Jan 4, 2023.
             Was a High Priest of Uskayaw.
             Slain by a naga warrior
             ... wielding a +0 halberd
              (30 damage)
             ... on level 2 of the Snake Pit.
             The game lasted 01:23:07 (30871 turns).

NinjaNoafa the Stickfighter (Minotaur Gladiator)   Turns: 30871, Time: 01:23:08

Health: -3/146     AC: 36    Str: 29    XL:     16   Next: 34%
Magic:  20/23      EV: 14    Int:  5    God:    Uskayaw [*****.]
Gold:   1464       SH:  5    Dex: 16    Spells: 15/15 levels left

rFire   + + .      SeeInvis .    a - +3 lajatang (speed)
rCold   x . .      Faith    .    (shield currently unavailable)
rNeg    + . .      Spirit   .    z - +8 fire dragon scales of the Moon {Contam rPois rF++ rC- rN+}
rPois   +          Reflect  +    l - +2 hat
rElec   .          Harm     .    y - +1 cloak
rCorr   .          Rampage  .    Q - +2 pair of gloves
Will    +....                    K - +2 pair of boots {Fly} Stlth
                                 V - amulet of reflection
HPRegen 0.44/turn                R - +6 ring of strength
MPRegen 0.18/turn                c - +4 ring of protection

@: about to teleport, flying, constricted
A: horns 2, retaliatory headbutt
a: Renounce Religion, Stomp, Line Pass, Grand Finale


You were on level 2 of the Snake Pit.
You worshipped Uskayaw.
Uskayaw was aware of your devotion.
You visited 5 branches of the dungeon, and saw 25 of its levels.
You also visited: Bailey.

You collected 3908 gold pieces.
You spent 2444 gold pieces at shops.

Inventory:

Hand Weapons
 a - a +3 lajatang of speed (weapon)
 b - a +2 quarterstaff of venom
Missiles
 d - 4 throwing nets
 x - 12 curare-tipped darts
 G - 17 boomerangs (quivered)
 N - 29 poisoned darts
Armour
 l - a +2 hat (worn)
 y - a +1 cloak (worn)
 z - the +8 fire dragon scales of the Moon (worn) {Contam rPois rF++ rC- rN+}
   (You bought it in a shop on level 2 of the Orcish Mines)

   rF:        It greatly protects you from fire.
   rC:        It makes you vulnerable to cold.
   rPois:     It protects you from poison.
   rN:        It protects you from negative energy.
   Contam:    It causes magical contamination when unequipped.
 K - a +2 pair of boots of flying (worn)
 Q - a +2 pair of gloves (worn)
Jewellery
 c - a +4 ring of protection (right hand)
 A - a ring of protection from cold
 R - a +6 ring of strength (left hand)
 T - a ring of protection from fire
 V - an amulet of reflection (around neck)
Wands
 n - a wand of digging (4)
 r - a wand of roots (8)
 D - a wand of mindburst (9)
 J - a wand of acid (4)
 L - a wand of charming (21)
 O - a wand of polymorph (15)
 Z - a wand of flame (11)
Scrolls
 f - 4 scrolls of magic mapping
 k - 5 scrolls of teleportation
 o - 4 scrolls of fog
 q - 9 scrolls of blinking
 s - 6 scrolls of poison
 u - 2 scrolls of immolation
 w - a scroll of fear
 B - 4 scrolls of silence
 E - 2 scrolls of vulnerability
 M - 2 scrolls of torment
 W - 2 scrolls of butterflies
Potions
 h - 4 potions of attraction
 i - 3 potions of mutation
 j - 8 potions of flight
 m - 5 potions of magic
 p - 16 potions of curing
 t - 4 potions of resistance
 v - 3 potions of might
 C - a potion of ambrosia
 F - 2 potions of lignification
 H - 5 potions of haste
 P - 4 potions of heal wounds
 S - 3 potions of cancellation
 U - a potion of brilliance
 X - a potion of berserk rage
 Y - a potion of invisibility
Miscellaneous
 e - a tin of tremorstones (1/2)
 g - a phial of floods


   Skills:
 - Level 14.0 Fighting
 + Level 15.9 Staves
 + Level 11.3 Throwing
 - Level 14.0 Armour
 + Level 13.7 Dodging
 + Level 11.8 Invocations
 + Level 7.9 Evocations


You had 15 spell levels left.
You didn't know any spells.
Your spell library contained the following spells:

 Spells                   Type           Power      Damage    Failure   Level
 Beastly Appendage        Tmut           0%         N/A       71%         1
 Foxfire                  Conj/Fire      0%         2x1d4     71%         1
 Necrotise                Necr           0%         1d4       71%         1
 Slow                     Hex            0%         N/A       71%         1
 Poisonous Vapours        Pois/Air       0%         N/A       83%         2
 Sublimation of Blood     Necr           0%         N/A       83%         2
 Wereblood                Tmut           0%         N/A       83%         2
 Confusing Touch          Hex            0%         N/A       97%         3
 Gell's Gravitas          Tloc           0%         N/A       97%         3
 Ignite Poison            Fire/Tmut/Pois 0%         N/A       97%         3
 Inner Flame              Hex/Fire       0%         N/A       97%         3
 Kindle Blastsparks       Fire/Tloc/Air  0%         2d10      97%         3
 Spider Form              Tmut/Pois      0%         N/A       97%         3
 Summon Guardian Golem    Hex/Summ       0%         N/A       97%         3
 Teleport Other           Tloc           0%         N/A       97%         3
 Tukima's Dance           Hex            0%         N/A       97%         3
 Vampiric Draining        Necr           0%         2d6       97%         3
 Animate Dead             Necr           0%         N/A       100%        4
 Flame Wave               Conj/Fire      0%         2d4       100%        4
 Fulminant Prism          Conj/Hex       0%         3d5       100%        4
 Iskenderun's Mystic Bla  Conj/Tloc      0%         2d3       100%        4
 Passage of Golubria      Tloc           0%         N/A       100%        4
 Sticky Flame             Conj/Fire      0%         2d3       100%        4
 Agony                    Necr           0%         N/A       100%        5
 Alistair's Intoxication  Tmut/Pois      0%         N/A       100%        5
 Borgnjor's Vile Clutch   Necr/Erth      0%         N/A       100%        5
 Fireball                 Conj/Fire      0%         3d3       100%        5
 Iskenderun's Battlesphe  Conj           0%         2d6       100%        5
 Lee's Rapid Deconstruct  Erth           0%         3d4*      100%        5
 Yara's Violent Unravell  Hex/Tmut       0%         3d3       100%        5
 Conjure Ball Lightning   Conj/Air       0%         3x3d6     100%        6
 Death Channel            Necr           0%         N/A       100%        6
 Dispersal                Tloc           0%         N/A       100%        6
 Starburst                Conj/Fire      0%         6d3       100%        6
 Orb of Destruction       Conj           0%         9d5       100%        7
 Spellforged Servitor     Conj/Summ      0%         N/A       100%        7
 Summon Hydra             Summ           0%         N/A       100%        7
 Ignition                 Fire           0%         3d3       100%        8
 Fire Storm               Conj/Fire      0%         5d1       100%        9


Dungeon Overview and Level Annotations

Branches:
Dungeon (15/15)            Temple (1/1) D:5            Lair (5/5) D:11
 Shoals (0/4) Lair:2        Snake (2/4) Lair:2        Slime (0/5) Lair:4
    Orc (2/2) D:12            Elf (0/3) Orc:2        Vaults (0/5) D:13
 Depths (0/4) D:15         Bailey (visited)

Altars:
Ashenzari
Cheibriados
Dithmenos
Elyvilon
Fedhas
Gozag
Hepliaklqana
Kikubaaqudgha
Makhleb
Nemelex Xobeh
Okawaru
Qazlal
Ru
Sif Muna
Trog
Uskayaw
Vehumet
Wu Jian
Xom
Yredelemnul
Zin
The Shining One
Jiyva

Shops:
Orc:2 ![*[

Annotations:
Snake:1 2 transporters, Guoplah's ghost, adept HOFi


Innate Abilities, Weirdness & Mutations

You have a pair of horns on your head.
You reflexively headbutt those who attack you in melee.


Message History

The nagas go into a battle-frenzy!
The naga warrior constricts you.
The naga warrior hits you with a +0 battleaxe!!
* * * LOW HITPOINT WARNING * * *
The naga warrior closely misses you.
The nagaraja hits you but does no damage.
The nagaraja hits you with a +0 club.
* * * LOW HITPOINT WARNING * * *
The naga mage gestures wildly while chanting.
The naga mage seems to speed up.
The naga ritualist spits poison at you.
The splash of poison hits you but does no damage.
You resist.
You feel much better.
You feel sick. The nagaraja completely misses you.
The nagaraja hits you but does no damage.
The naga warrior hits you but does no damage.
You block the naga warrior's attack. The naga warrior constricts you.
The guardian serpent hits you.
* * * LOW HITPOINT WARNING * * *
The naga warrior hits you with a +0 halberd!
* * * LOW HITPOINT WARNING * * *
The naga mage hits you with a +0 halberd.
* * * LOW HITPOINT WARNING * * *
The nagaraja spits poison at you.
The splash of poison hits you but does no damage.
You are more poisoned.
You resist.
The nagaraja hits you but does no damage.
The naga ritualist utters an invocation to its god.
The naga ritualist begins to radiate toxic energy.
* * * LOW HITPOINT WARNING * * *
Okay, then.
You feel better.
The guardian serpent hits you but does no damage.
The naga mage misses you. The naga warrior misses you. You furiously retaliate!
You headbutt the naga warrior! The naga warrior constricts you.
The naga warrior closely misses you. You furiously retaliate!
You headbutt the naga warrior.
The naga warrior hits you with a +0 halberd!!
You die...

...<...#.#...≈..N≈...#.# #..#....
.......###...≈...≈...#.###.......
.......# #..≈...≈..##...........
..........#..≈≈.≈≈..#............
.......... #..≈~≈..##...........#
...........#....)..#............#
........... #.....##.............
.......... #..NNS#..............
..###.......#..N@N#......[......#
........ ...#..NNN#)....#........
.................).#....#...#....
.....##...........)).......##.##.
......##...................#..###
..........#...................# #
.....#...##....###.............##
.....##..##.##..##...##.......##.
............###......#.......###.


You could see 2 nagarajas, 3 naga warriors, a naga ritualist (strong, toxic
aura, catching breath), a guardian serpent and a naga mage (fast, strong).

Vanquished Creatures
  Jorgrun (Orc:1)
  Gastronok (Lair:3)
  A nagaraja (Snake:2)
  A very ugly thing (D:15)
  Nessos (Lair:5)
  A dire elephant (shapeshifter) (D:15)
  Josephine (D:12)
  A fire dragon (D:15)
  A great orb of eyes (D:15)
  Fannar (Orc:1)
  2 rakshasas (D:15)
  3 hydras
  Erica (D:9)
  4 anacondas
  2 ogre magi (Orc:2)
  5 boulder beetles
  A catoblepas (Lair:5)
  3 merfolk aquamancers (D:15)
  8 centaur warriors
  10 two-headed ogres
  2 death knights (D:15)
  5 naga warriors
  An orc high priest (D:12)
  5 naga sharpshooters
  10 death yaks
  3 shock serpents
  A soul eater (D:11)
  A sun demon (D:11)
  Sonja (Lair:5)
  Nergalle (D:10)
  2 goliath frogs (Lair:5)
  A skeletal warrior (D:15)
  2 deep trolls (Orc:2)
  A naga ritualist (Snake:2)
  2 salamander mystics (Snake:2)
  A wizard (D:13)
  A phantasmal warrior (D:15)
  Pikel (D:3)
  5 mana vipers
  An orc sorcerer (Orc:1)
  6 oklob plants
  5 ugly things
  2 salamanders (Snake:2)
  4 cyclopes
  8 elephants
  18 black mambas
  4 naga magi (Snake:2)
  A torpor snail (Lair:5)
  A guardian serpent (Snake:2)
  2 orange demons (D:11)
  Maggie (D:10)
  4 gargoyles
  20 cane toads
  2 unseen horrors
  2 freezing wraiths (D:15)
  An efreet (D:15)
  8 komodo dragons
  Psyche (D:10)
  2 kobold demonologists
  An ice devil (D:11)
  3 tyrant leeches (Lair:5)
  A hellwing (D:11)
  16 trolls
  3 polar bears
  A hornet (D:8)
  41 blink frogs
  3 dream sheep (Lair:5)
  A centaur simulacrum (D:15)
  8 slime creatures
  A snapping turtle (Lair:2)
  11 wraiths
  30 yaks
  4 wyverns
  5 basilisks
  2 chaos spawn (D:11)
  20 vampire mosquitoes
  3 steam dragons
  10 nagas
  A warg (Orc:2)
  An acid dragon (D:8)
  15 water moccasins
  24 orc warriors
  19 ogres
  10 wolves (Lair:2)
  10 centaurs
  3 kobold brigands (D:10)
  19 bullfrogs
  6 necrophages
  3 wights (D:10)
  2 scorpions
  A hornet simulacrum (D:15)
  24 killer bees
  5 electric eels
  2 howler monkeys (D:6)
  5 hounds
  15 orc priests
  5 quasits (D:11)
  2 gnoll boudas
  4 iguanas
  12 orc wizards
  13 gnolls
  4 adders
  2 shadow imps
  2 white imps
  An ufetubus (D:5)
  2 worms (D:3)
  A dart slug (D:3)
  56 orcs
  3 bats
  6 endoplasms
  A giant cockroach (D:2)
  9 goblins
  13 hobgoblins
  4 jackals (D:1)
  3 quokkas
  5 ball pythons
  2 frilled lizards
  31 kobolds
  7 rats
705 creatures vanquished.

Vanquished Creatures (others)
  2 demonic plants (D:11)
  12 fungi
  75 plants
89 creatures vanquished.

Grand Total: 794 creatures vanquished

Notes
Turn   | Place    | Note
-------+----------+-------------------------------------------
     0 | D:1      | NinjaNoafa the Minotaur Gladiator began the quest for the
                  | Orb.
     0 | D:1      | Reached XP level 1. HP: 18/18 MP: 0/0
   157 | D:1      | Reached XP level 2. HP: 21/25 MP: 1/1
   305 | D:1      | Reached skill level 1 in Armour
   775 | D:2      | Reached XP level 3. HP: 28/30 MP: 2/2
  1857 | D:3      | Found a hide-covered altar of Uskayaw.
  1870 | D:3      | Became a worshipper of Uskayaw the Reveller
  1884 | D:3      | Identified the +1 robe of Ignis's Whim {Str+2 Int+7}
  1943 | D:3      | Reached * piety under Uskayaw
  2095 | D:3      | Reached XP level 4. HP: 38/38 MP: 3/3
  2445 | D:4      | Noticed Pikel
  2445 | D:4      | Noticed a lemure
  2445 | D:4      | Noticed a lemure
  2445 | D:4      | Noticed a lemure
  2446 | D:4      | Noticed a lemure
  2458 | D:3      | Reached ** piety under Uskayaw
  2461 | D:3      | Reached *** piety under Uskayaw
  2462 | D:3      | Killed Pikel
  2463 | D:3      | Reached skill level 5 in Fighting
  2463 | D:3      | Reached skill level 5 in Dodging
  2463 | D:3      | Reached XP level 5. HP: 28/48 MP: 3/6
  2463 | D:3      | Reached XP level 6. HP: 32/56 MP: 3/7
  2463 | D:3      | Reached XP level 7. HP: 35/61 MP: 3/8
  3244 | D:5      | Entered Level 5 of the Dungeon
  3254 | D:5      | Reached skill level 4 in Staves
  3386 | D:5      | Reached skill level 5 in Armour
  3446 | D:5      | Found a basalt altar of Yredelemnul.
  3522 | D:5      | Found an iron altar of Okawaru.
  3551 | D:5      | Found a staircase to the Ecumenical Temple.
  3626 | Temple   | Entered the Ecumenical Temple
  3985 | D:5      | Reached XP level 8. HP: 70/70 MP: 9/9
  4849 | D:6      | Reached **** piety under Uskayaw
  4851 | D:6      | Reached skill level 5 in Staves
  4879 | D:6      | Reached ***** piety under Uskayaw
  5340 | D:6      | Noticed a white ugly thing
  5943 | D:7      | Reached skill level 6 in Staves
  5943 | D:7      | Reached XP level 9. HP: 79/79 MP: 11/11
  5958 | D:7      | Reached skill level 5 in Invocations
  6265 | D:7      | Found a flagged portal.
  6398 | Bailey   | Entered a bailey
  6763 | Bailey   | Reached ****** piety under Uskayaw
  7558 | D:7      | Reached skill level 1 in Evocations
  7761 | D:8      | Reached XP level 10. HP: 84/88 MP: 13/13
  8594 | D:9      | Found a blossoming altar of Fedhas.
  8596 | D:9      | Found a white marble altar of Elyvilon.
  8597 | D:9      | Found a glowing golden altar of the Shining One.
  8730 | D:9      | Noticed Erica
  8742 | D:9      | Killed Erica
  8743 | D:9      | Reached skill level 5 in Throwing
  9347 | D:9      | Found a shimmering blue altar of Sif Muna.
  9581 | D:9      | Identified a scroll of acquirement
  9613 | D:10     | Entered Level 10 of the Dungeon
  9708 | D:10     | Noticed a sun demon
  9883 | D:10     | Noticed Nergalle
  9903 | D:10     | Killed Nergalle
 10054 | D:10     | Found a sacrificial altar of Ru.
 10055 | D:10     | Acquired a +1 lajatang of speed
 10074 | D:10     | Noticed a cyclops
 10080 | D:10     | Killed a cyclops
 10081 | D:10     | Reached skill level 7 in Staves
 10081 | D:10     | Reached XP level 11. HP: 84/95 MP: 16/16
 10082 | D:10     | Noticed Psyche
 10085 | D:10     | Killed Psyche
 10193 | D:10     | Noticed Maggie
 10208 | D:10     | Killed Maggie
 10287 | D:10     | Found an opulent altar of Gozag.
 10647 | D:10     | Found a hazy altar of Hepliaklqana.
 10917 | D:11     | Acquired 562 gold pieces
 11040 | D:11     | Noticed a two-headed ogre
 11062 | D:11     | Killed a two-headed ogre
 11063 | D:11     | Reached skill level 8 in Staves
 11220 | D:11     | Noticed a soul eater
 11221 | D:11     | Noticed a sun demon
 11234 | D:11     | Killed a sun demon
 11251 | D:11     | Killed a soul eater
 11492 | D:11     | Noticed a boulder beetle
 11500 | D:11     | Killed a boulder beetle
 11624 | D:11     | Reached skill level 10 in Fighting
 11624 | D:11     | Reached skill level 10 in Armour
 11774 | D:11     | Reached skill level 9 in Staves
 11883 | D:11     | Found a staircase to the Lair.
 11937 | D:11     | Reached skill level 10 in Dodging
 11954 | D:11     | Noticed a boulder beetle
 11967 | D:11     | Killed a boulder beetle
 12065 | D:11     | Reached skill level 10 in Staves
 12312 | D:11     | Noticed a sun demon
 12326 | D:11     | Reached XP level 12. HP: 83/106 MP: 17/17
 12640 | D:12     | Reached skill level 11 in Staves
 12866 | D:12     | Noticed Josephine
 13089 | D:12     | Noticed a two-headed ogre
 13092 | D:12     | Killed a two-headed ogre
 13093 | D:12     | Reached skill level 12 in Staves
 13101 | D:12     | Killed Josephine
 13292 | D:12     | Reached skill level 13 in Staves
 13799 | D:12     | Found a staircase to the Orcish Mines.
 14177 | D:13     | Reached skill level 14 in Staves
 14326 | D:13     | Noticed a boulder beetle
 14342 | D:13     | Killed a boulder beetle
 14426 | D:13     | Found a gate to the Vaults.
 14655 | D:13     | Noticed a centaur warrior
 14669 | D:13     | Killed a centaur warrior
 15015 | D:14     | Noticed a centaur warrior
 15015 | D:14     | Noticed a centaur warrior
 15093 | Lair:1   | Entered Level 1 of the Lair of Beasts
 15169 | Lair:1   | Reached skill level 5 in Evocations
 15196 | Lair:1   | Reached XP level 13. HP: 80/114 MP: 18/18
 16478 | Lair:2   | Found a staircase to the Snake Pit.
 16755 | Lair:2   | Found a staircase to the Shoals.
 17425 | Lair:3   | Reached skill level 10 in Invocations
 17425 | Lair:3   | Noticed Gastronok
 17451 | Lair:3   | Killed Gastronok
 18471 | Lair:3   | Reached XP level 14. HP: 113/126 MP: 20/20
 19563 | Lair:4   | You are sucked into a shaft and drop 1 floor!
 19563 | Lair:5   | Entered Level 5 of the Lair of Beasts
 19590 | Lair:4   | Found the +5 robe of Misfortune {Harm *Corrode *Slow EV+5}
 19650 | Lair:4   | Found a viscous altar of Jiyva.
 19652 | Lair:4   | Found a staircase to the Slime Pits.
 20559 | Lair:5   | Reached skill level 10 in Throwing
 21571 | Orc:1    | Entered Level 1 of the Orcish Mines
 21978 | Orc:1    | Noticed Fannar
 22001 | Orc:1    | Killed Fannar
 22218 | Orc:1    | Noticed Jorgrun
 22811 | Lair:5   | Noticed Nessos
 22822 | Lair:5   | Killed Nessos
 22956 | Lair:5   | Noticed Sonja
 22969 | Lair:5   | Killed Sonja
 23386 | Lair:5   | Got the Octavo of Noxious Hyperthermia
 23872 | Snake:1  | Entered Level 1 of the Snake Pit
 23877 | Snake:1  | Reached XP level 15. HP: 107/134 MP: 21/21
 24962 | Orc:1    | Killed Jorgrun
 25119 | Orc:2    | Entered Level 2 of the Orcish Mines
 25500 | Orc:2    | Found Jecam's Armour Shop.
 25649 | Orc:2    | Reached skill level 15 in Staves
 26403 | Orc:2    | Paralysed by an ogre mage for 2 turns
 26474 | Orc:2    | Found Paocvo's Armour Shop.
 26474 | Orc:2    | Found a staircase to the Elven Halls.
 26593 | Orc:2    | Found Riur's Distillery.
 26600 | Orc:2    | Found Cibiann's General Store.
 26836 | Orc:2    | Bought the +8 fire dragon scales of the Moon {Contam rPois
                  | rF++ rC- rN+} for 1282 gold pieces
 26847 | Orc:2    | Bought a potion of berserk rage for 70 gold pieces
 26855 | Orc:2    | Bought a scroll of identify for 36 gold pieces
 26881 | Orc:2    | Bought a scroll of fog for 72 gold pieces
 26881 | Orc:2    | Bought a scroll of poison for 72 gold pieces
 26881 | Orc:2    | Bought a scroll of immolation for 72 gold pieces
 26974 | Orc:2    | Bought a potion of haste for 140 gold pieces
 26974 | Orc:2    | Bought a potion of heal wounds for 70 gold pieces
 26974 | Orc:2    | Bought a potion of heal wounds for 70 gold pieces
 26974 | Orc:2    | Bought a potion of curing for 42 gold pieces
 26974 | Orc:2    | Bought a potion of curing for 42 gold pieces
 26974 | Orc:2    | Bought a potion of curing for 42 gold pieces
 26974 | Orc:2    | Bought 2 potions of haste for 280 gold pieces
 26974 | Orc:2    | Bought a potion of curing for 42 gold pieces
 26974 | Orc:2    | Bought a potion of mutation for 112 gold pieces
 27140 | D:15     | Entered Level 15 of the Dungeon
 28483 | D:15     | Found an ancient bone altar of Kikubaaqudgha.
 28742 | D:15     | Found a staircase to the Depths.
 29625 | Snake:1  | Noticed Guoplah's ghost (adept HOFi)
 29637 | Snake:1  | Reached XP level 16. HP: 145/145 MP: 23/23
 29644 | Snake:1  | Found a transporter.
 29666 | Snake:1  | Found a transporter.
 29924 | Snake:2  | Identified the +4 plate armour of Courage {Will+ rCorr
                  | Dex-5}
 30608 | Snake:2  | Identified the +1 leather armour "Qick" {Contam *Slow
                  | +Blink rN+++}
 30871 | Snake:2  | Slain by a naga warrior

Illustrated notes

Levels and vault maps discovered:
D:1:      lemuel_arrival_cross, layout_loops_ring, minmay_large_rounded_square,
          minivault_19
D:2:      layout_basic
D:3:      layout_basic, eat_drink_and_be_merry_uskayaw, minmay_puff
D:4:      layout_basic, skrybe_limestone_x, grunt_decor_arrowhead,
          minmay_surrounded, uniq_pikel
D:5:      layout_layer_cave, nicolae_overflow_hidden_temple,
          okawaru_altar_gauntlet_db, temple_doors_e, minmay_crystal_water
D:6:      layout_basic
D:7:      layout_loops_ring, enter_bailey_8, hangedman_abyss_or_decor_passed,
          corexii_hall_statues_i
D:8:      layout_loops_ring, hangedman_decor_opposing
D:9:      layout_loops_corners, kennysheep_mini_moat,
          grunt_temple_overflow_open, minmay_misc_feat_hallway, uniq_erica
D:10:     layout_loops_ring, mainiacjoe_overflow_swirl,
          lemuel_coloured_pillars_altar, uniq_maggie, uniq_psyche, uniq_nergalle
D:11:     layout_loops_corners, lair_entry_dummy, serial_demonic,
          serial_demonic_e, serial_demonic_b, serial_demonic_a,
          serial_demonic_c, serial_demonic_c, serial_demonic_e,
          serial_demonic_c, serial_demonic_f, serial_demonic_f, serial_demonic_g
D:12:     layout_layer_cave, david_orc_4, uniq_josephine
D:13:     layout_long_grid, david_vaults_1
D:14:     layout_cave_pools
D:15:     gammafunk_enter_depths_forms, layout_basic, lemuel_crystal_altar,
          nicolae_splish_splash
Temple:   nicolae_temple_hex_pool
Lair:1:   minmay_lair_oklob_chamber, layout_regular_city,
          nicolae_quartered_pool_super, grunt_megastairs_1
Lair:2:   layout_gridlike, minmay_shoals_entry_hut,
          minmay_snake_entry_guardpost_small, serial_bayou_shore_b
Lair:3:   layout_cave_pods, minivault_25, grunt_megastairs_4,
          infiniplex_staircase_pool, uniq_gastronok
Lair:4:   layout_regular_city, minmay_slime_entry_oklob_enclosed,
          infiniplex_staircase_pool_2
Lair:5:   minmay_lair_end_frog_pond, layout_cave_pods, minivault_23,
          uniq_nessos, uniq_sonja
Snake:1:  layout_rooms, gammafunk_ghost_berserking_beasts
Snake:2:  nicolae_cobra_stairs, layout_cave_shapes, lemuel_fruit_tree
Orc:1:    layout_caves, uniq_fannar, uniq_jorgrun
Orc:2:    st_orc_open, layout_diamond_mine, mines2_david

Skill      XL: |  1  2  3  4  5  6  7  8  9 10 11 12 13 14 15 16 |
---------------+-------------------------------------------------+-----
Armour         | 2 4 5 6 8 10 11 12 13 14 | 14.0
Fighting       | 3 5 6 7 8 10 12 13 14 | 14.0
Dodging        | 5 6 8 10 11 12 13 | 13.7
Invocations    | 2 3 4 6 8 10 11 | 11.8
Staves         | 4 6 7 10 14 15 | 15.9
Throwing       | 3 6 7 8 10 11 | 11.3
Evocations     | 1 4 5 6 7 |  7.9

Action                   |  1- 3 |  4- 6 |  7- 9 | 10-12 | 13-15 | 16-18 || total
-------------------------+-------+-------+-------+-------+-------+-------++-------
Melee: Quarterstaff      |    97 |    19 |   294 |   164 |    19 |     1 ||   594
       Headbutt          |     7 |     3 |    68 |   128 |   280 |    28 ||   514
       Lajatang          |       |       |       |   392 |  1060 |   102 ||  1554
Throw: Javelin           |       |       |     2 |     1 |     1 |       ||     4
       Boomerang         |       |       |     9 |    48 |   211 |    28 ||   296
       Dart              |       |       |       |     8 |     6 |       ||    14
Invok: Line Pass         |       |       |     1 |       |     3 |     1 ||     5
       Stomp             |       |       |       |       |     5 |       ||     5
Evoke: Phial of floods   |       |       |       |     1 |     1 |       ||     2
       Wand              |       |       |       |     1 |     2 |     1 ||     4
       Tin of tremorston |       |       |       |       |     1 |     1 ||     2
  Use: Scroll            |       |     3 |     2 |    16 |    20 |     6 ||    47
       Potion            |       |     2 |     2 |       |       |     3 ||     7
 Stab: Paralysed         |       |     1 |    21 |    61 |   105 |    13 ||   201
       Confused          |       |       |       |       |     3 |       ||     3
Armor: Leather armour    |    18 |       |       |       |       |       ||    18
       Ring mail         |     6 |     2 |     2 |       |       |       ||    10
       Scale mail        |       |       |    98 |    31 |       |       ||   129
       Fire dragon scale |       |       |       |     8 |    72 |    69 ||   149
       Swamp dragon scal |       |       |       |    74 |   226 |       ||   300
Dodge: Dodged            |    83 |    13 |   206 |   472 |   721 |   108 ||  1603
Block: Other             |       |       |       |       |   138 |    33 ||   171
       Reflection        |       |       |       |       |    18 |     5 ||    23

Table legend: (Time is in decaauts)
 A = Elapsed time spent in this place.
 B = Non-inter-level travel time spent in this place.
 C = Inter-level travel time spent in this place.
 D = Time resting spent in this place.
 E = Time spent auto-exploring this place.
 F = Levels seen in this place.
 G = Mean time per level.
                   A        B        C        D        E       F      G
               +--------+--------+--------+--------+--------+-----+--------+
         Total |  29879 |  26284 |   3595 |    429 |  21021 |  26 | 1149.2 |
       Dungeon |  17831 |  15860 |   1971 |    259 |  13136 |  15 | 1188.7 |
        Temple |     91 |     71 |     20 |      0 |     61 |   1 |   91.0 |
          Lair |   7531 |   6464 |   1067 |    170 |   5058 |   5 | 1506.2 |
     Snake Pit |   1400 |   1279 |    121 |      0 |    893 |   2 |  700.0 |
  Orcish Mines |   2370 |   1956 |    414 |      0 |   1425 |   2 | 1185.0 |
        Bailey |    655 |    655 |      0 |      0 |    448 |   1 |  655.0 |
               +--------+--------+--------+--------+--------+-----+--------+

Top non-repeatable levels by time:
    D:12: 2304 daAuts
    D:11: 2206 daAuts
  Lair:2: 1725 daAuts
  Lair:5: 1621 daAuts
     D:5: 1604 daAuts
  Lair:1: 1548 daAuts
   Orc:2: 1409 daAuts
  Lair:4: 1400 daAuts
    D:13: 1397 daAuts
    D:10: 1255 daAuts
  Lair:3: 1235 daAuts
    D:15: 1156 daAuts
     D:9: 1037 daAuts
     D:7: 1004 daAuts
     D:2: 971 daAuts
